 Dungeon Crawl Stone Soup version 0.29-a0-284-gf9362112df (webtiles) character file.

Game seed: 15514539633557130306

225 garrulousMonolith the Chopper (level 6, -11/53 HPs)
             Began as a Hill Orc Monk on Mar 23, 2022.
             Mangled by a wyvern (14 damage)
             ... on level 4 of the Dungeon.
             The game lasted 00:04:42 (4592 turns).

garrulousMonolith the Chopper (Hill Orc Monk)       Turns: 4592, Time: 00:04:42

Health: -11/53     AC:  8    Str: 14    XL:     6   Next: 1%
Magic:  8/8        EV:  7    Int: 12    God:
Gold:   101        SH:  0    Dex: 19    Spells: 5/5 levels left

rFire   . . .      SeeInvis .   v - +0 hand axe (freeze)
rCold   . . .      Faith    .   (no shield)
rNeg    . . .      Spirit   .   x - +0 chain mail
rPois   .          Reflect  .   (no helmet)
rElec   .          Harm     .   (no cloak)
rCorr   .          Rampage  .   (no gloves)
Will    +....                   (no boots)
Stlth   ..........              (no amulet)
HPRegen 0.17/turn               h - ring of willpower
MPRegen 0.11/turn               k - +6 ring of dexterity

@: hasted, very quick
A: no striking features
a: no special abilities


You were on level 4 of the Dungeon.
You visited 1 branch of the dungeon, and saw 4 of its levels.

You collected 161 gold pieces.
You spent 60 gold pieces at shops.

Inventory:

Hand Weapons
 d - a +0 hunting sling
 f - a +3 dagger
 v - a +0 hand axe of freezing (weapon)
Missiles
 q - 113 stones (quivered)
 w - 3 boomerangs
Armour
 x - a +0 chain mail (worn)
Jewellery
 h - a ring of willpower (left hand)
 k - a +6 ring of dexterity (right hand)
Scrolls
 e - a scroll of blinking {unknown}
 g - a scroll of fear
 i - a scroll of brand weapon {unknown}
 l - a scroll of enchant armour {unknown}
 o - a scroll of fog {unknown}
 u - 2 scrolls of teleportation
Potions
 j - a potion of might {unknown}
 m - a potion of degeneration {unknown}
 p - 2 potions of attraction
 r - a potion of brilliance {unknown}


   Skills:
 + Level 4.4 Fighting
 * Level 6.0 Axes
 + Level 2.1 Armour
 - Level 2.4 Dodging
 - Level 1.5 Stealth
 + Level 2.1 Shields
 + Level 2.8 Invocations


You had 5 spell levels left.
You didn't know any spells.
Your spell library contained the following spells:

 Spells                   Type           Power      Damage    Failure   Level
 Foxfire                  Conj/Fire      0%         2x1d4     100%        1
 Conjure Flame            Conj/Fire      0%         6-21      100%        3
 Ignite Poison            Fire/Tmut/Pois 0%         N/A       100%        3
 Inner Flame              Hex/Fire       0%         N/A       100%        3
 Flame Wave               Conj/Fire      0%         2d4       100%        4
 Sticky Flame             Conj/Fire      0%         2d3       100%        4


Dungeon Overview and Level Annotations

Branches:
Dungeon (4/15)
 Temple: D:4-7

Altars:
Vehumet

Shops:
D:3 *


Message History

The black bear claws you but does no damage. x2
Throw: 113 stones
Press: ? - help, Q - select action, (/) - cycle Shift-Dir - straight line, f/p - black bear
Aim: a black bear (almost dead, berserk, poisoned, 70% to hit)
You throw a stone.
The stone hits the black bear but does no damage.
The black bear is almost dead.
The black bear bites you.
* * * LOW HITPOINT WARNING * * *
The black bear claws you but does no damage. x2
You hit the black bear. You freeze the black bear.
The black bear is almost dead.
You kill the black bear!
Your Axes skill increases to level 6!
Your Armour skill increases to level 2!
Your Shields skill increases to level 2!
You have reached level 6!
You closely miss the hobgoblin. The hobgoblin hits you.
* * * LOW HITPOINT WARNING * * *
Okay, then.
You hit the hobgoblin but do no damage. The hobgoblin barely misses you.
You hit the hobgoblin. You freeze the hobgoblin.
You kill the hobgoblin!
You start resting.
Magic restored.
You start resting.
A wyvern comes into view.
You see here a hobgoblin corpse.
You see here a stone.
q - 113 stones (gained 1)
Okay, then.
You barely miss the wyvern. The wyvern bites you!
* * * LOW HITPOINT WARNING * * *
The wyvern bites you.
* * * LOW HITPOINT WARNING * * *
You hit the wyvern but do no damage. The wyvern bites you.
* * * LOW HITPOINT WARNING * * *
It was a potion of haste.
You feel yourself speed up.
The wyvern bites you but does no damage.
The wyvern bites you!
You die...

....(.......##......#
.............##...#
#.#.###........##.##..<######
#......<..............).......
###.##..†.)....##.).##..######
###.....#.##...##..##
#.....(g...####...#
......#(#######.#.###
#.....#..@l.†......!.
#.........[######..##
#...(......# .# ............#
#......(....# .....##....#
#.... ...... ..##.#....... # #


You could see a wyvern.

Vanquished Creatures
  A black bear (D:4)
  Ijyb (D:3)
  3 adders
  A worm (D:3)
  4 dart slugs
  8 orcs
  7 bats
  An endoplasm (D:2)
  A giant cockroach (D:1)
  7 goblins
  4 hobgoblins
  6 jackals
  3 quokkas (D:3)
  4 ball pythons
  3 frilled lizards
  9 kobolds
  7 rats (D:1)
70 creatures vanquished.

Vanquished Creatures (others)
  A fungus (D:1)
1 creature vanquished.

Grand Total: 71 creatures vanquished

Notes
Turn   | Place    | Note
-------+----------+-------------------------------------------
     0 | D:1      | garrulousMonolith the Hill Orc Monk began the quest for the
                  | Orb.
     0 | D:1      | Reached XP level 1. HP: 19/19 MP: 1/1
   373 | D:1      | Reached XP level 2. HP: 24/27 MP: 2/2
   416 | D:1      | Reached skill level 1 in Invocations
   968 | D:1      | Reached XP level 3. HP: 33/33 MP: 2/4
  1346 | D:1      | Found a faded altar of an unknown god.
  1395 | D:1      | Reached skill level 1 in Armour
  1900 | D:2      | Reached skill level 1 in Shields
  2551 | D:2      | Reached skill level 5 in Axes
  2825 | D:3      | Reached XP level 4. HP: 26/40 MP: 5/5
  3155 | D:3      | Found Kivvat's General Store.
  3162 | D:3      | Bought a scroll of identify for 24 gold pieces
  3162 | D:3      | Bought a scroll of teleportation for 36 gold pieces
  3512 | D:3      | Found a radiant altar of Vehumet.
  3516 | D:3      | Noticed Ijyb
  3578 | D:3      | Killed Ijyb
  4071 | D:3      | Reached XP level 5. HP: 46/46 MP: 6/6
  4369 | D:4      | Noticed a black bear
  4527 | D:4      | Killed a black bear
  4528 | D:4      | Reached skill level 6 in Axes
  4528 | D:4      | Reached XP level 6. HP: 5/53 MP: 6/8
  4584 | D:4      | Noticed a wyvern
  4592 | D:4      | Mangled by a wyvern

Illustrated notes

Levels and vault maps discovered:
D:1:      elethiomel_arrival_diamonds, layout_basic,
          shapermc_ecumenical_altar_mp_urbaneastern
D:2:      layout_basic
D:3:      layout_loops_corners, nicolae_vehumet_radiance, serial_shops, shop,
          uniq_ijyb
D:4:      layout_basic, mainiacjoe_overflow_cross_hatched,
          jmf_multi_god_temple2, serial_shops, nicolae_shop_crystal,
          kennysheep_crisscross

Skill      XL: |  1  2  3  4  5 |
---------------+----------------+-----
Invocations    | 1 2 |  2.8
Armour         | 1 2 |  2.1
Shields        | 1 2 |  2.1
Axes           | 5 6 |  6.0
Fighting       | 4 |  4.4
Dodging        | |  2.4
Stealth        | |  1.5

Action                   |  1- 3 |  4- 6 || total
-------------------------+-------+-------++-------
Melee: Hand axe          |    52 |   110 ||   162
       Dagger            |    93 |    29 ||   122
       Punch             |     1 |     3 ||     4
Throw: Dart              |       |     8 ||     8
       Stone             |       |     3 ||     3
  Use: Potion            |     1 |     2 ||     3
       Scroll            |     1 |     1 ||     2
 Stab: Sleeping          |     3 |       ||     3
Armor: Robe              |    31 |       ||    31
       Ring mail         |    16 |    28 ||    44
       Chain mail        |       |    43 ||    43
Dodge: Dodged            |    95 |    81 ||   176

Table legend: (Time is in decaauts)
 A = Elapsed time spent in this place.
 B = Non-inter-level travel time spent in this place.
 C = Inter-level travel time spent in this place.
 D = Time resting spent in this place.
 E = Time spent auto-exploring this place.
 F = Levels seen in this place.
 G = Mean time per level.
                   A        B        C        D        E       F      G
               +--------+--------+--------+--------+--------+-----+--------+
         Total |   4598 |   4442 |    156 |   1236 |   2504 |   4 | 1149.5 |
       Dungeon |   4598 |   4442 |    156 |   1236 |   2504 |   4 | 1149.5 |
               +--------+--------+--------+--------+--------+-----+--------+

Top non-repeatable levels by time:
     D:1: 1785 daAuts
     D:3: 1685 daAuts
     D:2: 1009 daAuts
     D:4: 117 daAuts
